 Dungeon Crawl Stone Soup version 0.27.0-1-g7a089689b8 (webtiles) character file.

Game seed: 7372481424646530758

7 Sin92 the Skirmisher (level 1, -1/18 HPs)
             Began as a Demonspawn Fighter on Aug 13, 2021.
             Succumbed to a goblin's poison
             ... on level 1 of the Dungeon.
             The game lasted 00:00:09 (134 turns).

Sin92 the Skirmisher (Demonspawn Fighter)            Turns: 134, Time: 00:00:10

Health: -1/18      AC:  6    Str: 16    XL:     1   Next: 91%
Magic:  1/1        EV:  7    Int:  9    God:
Gold:   0          SH:  8    Dex: 12    Spells: 0/0 levels left

rFire    . . .     SeeInvis .   a - +0 war axe
rCold    . . .     Faith    .   c - +0 kite shield
rNeg     . . .     Spirit   .   b - +0 scale mail
rPois    .         Reflect  .   (no helmet)
rElec    .         Harm     .   (no cloak)
rCorr    .         Rampage  .   (no gloves)
Will     .....                  (no boots)
Stlth    ..........             (no amulet)
HPRegen  0.06/turn              (no ring)
MPRegen  0.07/turn              (no ring)

@: lethally poisoned (-1 -> -4)
A: no striking features
a: no special abilities


You were on level 1 of the Dungeon.
You visited 1 branch of the dungeon, and saw 1 of its levels.

Inventory:

Hand Weapons
 a - a +0 war axe (weapon)
Armour
 b - a +0 scale mail (worn)
 c - a +0 kite shield (worn)
Scrolls
 e - a scroll of amnesia {unknown}
Potions
 d - a potion of might


   Skills:
 + Level 3.0 Fighting
 * Level 2.0 Axes
 + Level 2.7 Armour
 + Level 0.3 Dodging
 + Level 2.8 Shields


You couldn't memorise any spells.
You didn't know any spells.
Your spell library was empty.

Dungeon Overview and Level Annotations

Branches:
Dungeon (1/15)

Altars:


Message History

You feel very sick. You block the bat's attack. You block the goblin's attack.
The bat hits you but does no damage.
The goblin hits you with a +2 dagger of venom.
You are lethally poisoned!
There is a lethal amount of poison in your body!
You hit the goblin.
You kill the goblin!
You closely miss the giant cockroach. You closely miss the bat.
You feel very sick. You block the bat's attack.
You block the giant cockroach's attack. The giant cockroach barely misses you.
The bat barely misses you.
Your Axes skill increases to level 2!
There is a lethal amount of poison in your body!
You are too injured to fight recklessly!
Unknown command.
There is a lethal amount of poison in your body!
You are too injured to fight recklessly!
Unknown command.
There is a lethal amount of poison in your body!
You are too injured to fight recklessly!
Unknown command.
There is a lethal amount of poison in your body!
You are too injured to fight recklessly!
You feel very sick. The bat hits you but does no damage.
* * * LOW HITPOINT WARNING * * *
You feel sick. The bat closely misses you.
Your shield and scale mail prevent you from hitting the bat.
* * * LOW HITPOINT WARNING * * *
You feel very sick. The bat hits you but does no damage.
The endoplasm hits you but does no damage.
You slash the endoplasm!
You kill the endoplasm!
* * * LOW HITPOINT WARNING * * *
You feel sick. You block the bat's attack.
You hit the giant cockroach.
The giant cockroach is severely wounded.
You die...

.# #.# #...........# .#
#.# #...........##.
.#####.###..............
...##....#..............
...##....#..............
...##....#......b.......
...##....#......$.......
+####....#######B#......
#....# #@# ..### ##.###
#.# .# #.# #.# # #.#
#.#######
#.#########........
#..................
############.......
....... .......


You could see a giant cockroach and a bat.

Vanquished Creatures
  A ball python (D:1)
  An endoplasm (D:1)
  A goblin (D:1)
  A hobgoblin (D:1)
  2 bats (D:1)
6 creatures vanquished.

Notes
Turn   | Place    | Note
-------+----------+-------------------------------------------
     0 | D:1      | Sin92 the Demonspawn Fighter began the quest for the Orb.
     0 | D:1      | Reached XP level 1. HP: 18/18 MP: 1/1
   134 | D:1      | Succumbed to a goblin's poison

Illustrated notes

Levels and vault maps discovered:
D:1:      saegor_arrival_simple_c, layout_basic

Skill      XL: |  1 |
---------------+----+-----
Axes           | 2 |  2.0
Fighting       | |  3.0
Armour         | |  2.7
Dodging        | |  0.3
Shields        | |  2.8

Action                   || total
-------------------------++-------
Melee: War axe           ||    12
Armor: Scale mail        ||    10
Dodge: Dodged            ||     5
Block: Kite shield       ||    12
